Map: Deathaura LE

Players

Kelazhur

  • Race: Terran Terran
  • Spawn Location: 5:00

Hurricane - Winner!

  • Race: Protoss Protoss
  • Spawn Location: 11:00

Event: IEM Katowice 2021

VOD

Have the link to the VOD?

Description

Time

  • Played on: Feb. 20, 2021, 12:23 p.m.
  • Length: 12:12

All games in this series

Show
View Real Time Build Order
Export as new Build Order

Kelazhur Terran 

Build Orders: 1/1/1, Hellion Opening 

Get SALT Encoding   

  12  0:00  SCV  
  13  0:12  SCV  
  14  0:17  Supply Depot  
  14  0:24  SCV  
  14  0:27  Refinery  
  15  0:38  SCV  
  16  0:45  Barracks  
  16  0:50  SCV  
  17  1:02  SCV  
  18  1:14  SCV  
  19  1:19  Engineering Bay  
  19  1:31  Marine  
  19  1:32  Orbital Command  
  20  1:36  Factory  
  20  1:48  Supply Depot  
  20  1:51  Barracks Reactor  
  20  1:59  SCV  
  21  2:11  SCV  
  22  2:22  Supply Depot  
  22  2:23  SCV  
  22  2:25  Starport  
  23  2:31  Hellion x2  
  28  2:37  SCV  
  28  2:47  Command Center  
  29  2:54  Hellion  
  29  2:57  Hellion  
  31  3:00  SCV  
  31  3:01  Starport  
  32  3:12  SCV  
  33  3:18  Marine  
  33  3:19  Hellion x2  
  38  3:22  Supply Depot  
  38  3:27  SCV  
  39  3:39  Barracks Tech Lab  
  39  3:43  Medivac  
  39  3:44  SCV  
  42  3:51  Refinery  
  42  3:57  SCV  
  42  4:04  Orbital Command  
  42  4:09  SCV  
  42  4:12  Cyclone, Marine x2  
  43  4:21  SCV  
  44  4:31  SCV  
  44  4:32  Marine x2  
  44  4:33  SCV  
  47  4:44  SCV  
  44  4:46  SCV  
  44  4:50  Marine x2  
  46  4:56  SCV  
  46  4:58  SCV  
  46  5:08  SCV, Marine x2  
  46  5:10  SCV  
  46  5:13  Command Center  
  50  5:16  Siege Tank  
  50  5:20  SCV  
  54  5:22  SCV  
  55  5:28  Bunker  
  55  5:32  SCV, Marine x2  
  55  5:34  SCV  
  54  5:44  SCV  
  54  5:46  SCV  
  54  5:49  Marine  
  56  5:54  Supply Depot  
  56  5:55  Marine  
  56  5:56  SCV  
  59  5:57  Siege Tank  
  59  6:03  Barracks  
  62  6:10  Supply Depot  
  62  6:15  SCV x2  
  64  6:23  Marine x2  
  66  6:27  SCV, Orbital Command  
  66  6:28  SCV  
  66  6:30  Starport Tech Lab  
  68  6:32  Barracks  
  68  6:33  Supply Depot  
  68  6:39  Siege Tank  
  72  6:40  SCV  
  72  6:41  Marine  
  72  6:42  SCV  
  74  6:49  Engineering Bay  
  74  6:51  Refinery  
  74  6:52  SCV  
  75  6:54  SCV  
  75  6:55  SCV  
  75  7:01  Starport Reactor  
  77  7:02  Marine x2  
  77  7:03  Marauder  
  77  7:04  SCV  
  77  7:06  SCV  
  77  7:08  SCV  
  72  7:16  SCV  
  72  7:20  SCV x2  
  70  7:24  Marauder  
  70  7:27  Marine  
  70  7:28  SCV  
  65  7:31  Marine  
  65  7:32  Stimpack, SCV x2  
  68  7:40  SCV  
  67  7:44  SCV x2  
  67  7:45  Marauder, Combat Shield  
  67  7:46  Marauder, Refinery, Factory Reactor  
  67  7:50  Terran Infantry Weapons Level 1  
  67  7:51  Marine x2  
  73  7:52  SCV  
  73  7:53  Engineering Bay  
  73  7:56  SCV  
  77  8:02  Supply Depot x2  
  77  8:04  Medivac  
  77  8:05  Medivac  
  81  8:06  SCV, Marauder  
  81  8:07  SCV  
  81  8:10  Marine x2  
  81  8:12  Marauder  
  89  8:14  SCV  
  89  8:19  SCV  
  91  8:20  Terran Infantry Armor Level 1  
  91  8:22  Armory  
  91  8:23  Orbital Command  
  91  8:24  Widow Mine  
  91  8:25  Widow Mine  
  95  8:29  Marine x2  
  95  8:30  Marauder  
  95  8:33  SCV x2  
  101  8:42  Marauder  
  101  8:45  SCV x2  
  101  8:48  Marine x2  
  102  8:49  Medivac x2, SCV  
  102  8:51  Supply Depot  
  102  8:55  Marauder  
  106  8:57  SCV x2  
  106  9:02  SCV  
  108  9:08  Marauder, Marine  
  108  9:09  SCV  
  111  9:13  Marine  
  111  9:16  SCV, Marauder  
  112  9:19  SCV  
  112  9:21  SCV  
  109  9:25  Viking x2  
  109  9:26  Marine  
  109  9:28  SCV, Marine  
  112  9:33  Marine  
  112  9:37  Marine  
  108  9:38  Barracks  
  108  9:42  Barracks  
  108  9:45  Marine  
  106  9:47  SCV x2, Terran Infantry Weapons Level 2  
  106  9:51  Barracks Tech Lab  
  108  9:53  SCV  
  108  9:56  Widow Mine x2  
  108  9:58  Medivac x2  
  117  10:01  Refinery x2  
  117  10:04  Marine x2  
  117  10:06  Barracks Tech Lab  
  119  10:10  Supply Depot  
  119  10:11  Supply Depot  
  119  10:12  Supply Depot  
  119  10:19  Marauder  
  121  10:21  Supply Depot  
  121  10:28  Marauder  
  122  10:29  Barracks Reactor, Barracks Tech Lab  
  122  10:36  Supply Depot  
  122  10:40  Marauder, Marine x2  
  122  10:42  Medivac x2, Supply Depot  
  129  10:46  Widow Mine x2  
  129  10:49  Marauder  
  135  10:54  Marauder  
  135  10:56  Missile Turret  
  137  11:00  Missile Turret  
  137  11:01  Concussive Shells  
  137  11:02  Marauder  
  137  11:03  Marine  
  135  11:10  Marauder  
  137  11:12  Marine x2  
  137  11:15  Medivac x2  
  137  11:16  Marauder, Widow Mine  
  137  11:17  Widow Mine  
  149  11:22  Missile Turret  
  149  11:23  Marauder, Marine  
  152  11:32  Marauder  
  154  11:33  Marine  
  154  11:37  Marauder  
  136  11:42  Marine  
  136  11:45  Marauder  
  136  11:46  Marine x2  
  117  11:53  Marine  
Show
View Real Time Build Order
Export as new Build Order

Hurricane Protoss - Winner!

Build Orders: Oracle Opening 

Get SALT Encoding   

  12  0:00  Probe  
  13  0:12  Probe  
  14  0:19  Pylon  
  14  0:24  Probe  
  15  0:37  Probe (Chrono Boost)  
  15  0:38  Gateway  
  16  0:46  Probe (Chrono Boost)  
  16  0:47  Assimilator  
  17  0:52  Probe  
  18  1:04  Probe  
  19  1:16  Probe  
  20  1:25  Cybernetics Core  
  20  1:28  Probe  
  21  1:36  Zealot (Chrono Boost), Pylon  
  23  1:41  Assimilator  
  23  1:54  Probe  
  23  2:00  Adept (Chrono Boost)  
  24  2:06  Probe  
  24  2:07  Warp Gate  
  27  2:13  Pylon  
  27  2:18  Probe  
  28  2:23  Stalker  
  30  2:36  Stargate  
  30  2:43  Probe  
  31  2:45  Nexus  
  31  2:55  Probe  
  32  3:06  Gateway  
  32  3:13  Probe  
  32  3:19  Oracle (Chrono Boost)  
  31  3:20  Gateway  
  34  3:27  Probe  
  34  3:34  Twilight Council  
  35  3:39  Probe  
  35  3:40  Pylon  
  36  3:51  Shield Battery  
  36  3:55  Oracle (Chrono Boost)  
  39  3:58  Probe  
  39  4:02  Probe  
  41  4:08  Stalker  
  43  4:10  Probe  
  44  4:19  Stalker  
  44  4:20  Stalker  
  44  4:22  Probe  
  49  4:25  Probe  
  50  4:38  Probe  
  51  4:39  Stalker  
  51  4:43  Assimilator, Probe  
  54  4:51  Stalker  
  50  4:56  Probe  
  53  5:00  Blink (Chrono Boost)  
  53  5:04  Probe  
  52  5:08  Probe  
  53  5:16  Probe (Chrono Boost)  
  53  5:19  Nexus  
  55  5:26  Probe (Chrono Boost)  
  55  5:28  Pylon, Probe (Chrono Boost)  
  56  5:33  Probe (Chrono Boost)  
  56  5:34  Probe (Chrono Boost)  
  58  5:43  Probe  
  58  5:45  Forge  
  58  5:46  Robotics Facility  
  58  5:49  Probe  
  60  5:56  Stalker x2  
  64  6:01  Stalker, Pylon  
  64  6:03  Probe x2  
  68  6:15  Probe x2  
  68  6:18  Protoss Ground Armor Level 1 (Chrono Boost)  
  70  6:25  Stalker x3  
  72  6:27  Probe  
  72  6:28  Probe  
  78  6:33  Probe  
  78  6:34  Observer  
  78  6:39  Probe  
  81  6:40  Probe  
  81  6:42  Gateway  
  81  6:43  Gateway  
  81  6:45  Charge (Chrono Boost)  
  82  6:49  Probe  
  82  6:51  Probe  
  84  7:08  Stalker x2  
  82  7:12  Probe  
  61  7:25  Probe x2  
  61  7:28  Probe  
  60  7:35  Robotics Bay  
  60  7:37  Probe (Chrono Boost)  
  60  7:38  Probe (Chrono Boost)  
  60  7:41  Probe (Chrono Boost)  
  63  7:46  Warp Prism  
  63  7:48  Gateway  
  63  7:49  Probe x2 (Chrono Boost), Gateway  
  63  7:50  Stalker x2, Probe (Chrono Boost)  
  72  7:51  Gateway  
  72  7:52  Stalker  
  72  7:53  Probe (Chrono Boost)  
  72  7:54  Probe (Chrono Boost)  
  72  7:55  Probe (Chrono Boost)  
  77  7:59  Assimilator  
  77  8:04  Probe  
  77  8:05  Probe  
  79  8:07  Pylon, Probe  
  79  8:11  Observer  
  80  8:16  Probe  
  80  8:18  Zealot x4, Sentry  
  91  8:20  Pylon  
  91  8:24  Pylon, Probe x2  
  91  8:25  Pylon  
  93  8:28  Probe  
  93  8:29  Colossus (Chrono Boost)  
  100  8:36  Probe  
  101  8:44  Protoss Ground Weapons Level 1 (Chrono Boost)  
  101  8:48  Probe  
  99  8:54  Probe  
  96  8:56  Extended Thermal Lance  
  96  9:00  Zealot x4  
  104  9:03  Shield Battery  
  104  9:08  Zealot x4  
  104  9:24  Probe x2  
  104  9:26  Colossus (Chrono Boost)  
  104  9:30  Probe  
  105  9:43  Nexus  
  99  9:48  Dark Shrine  
  99  9:51  Pylon  
  99  9:53  Gateway  
  99  9:54  Gateway  
  99  9:55  Forge, Probe x3  
  99  9:56  Zealot x3  
  99  9:57  Zealot  
  110  10:07  Sentry  
  110  10:09  Sentry  
  110  10:11  Colossus (Chrono Boost)  
  120  10:15  Probe x3  
  123  10:27  Pylon  
  123  10:31  Pylon x2  
  123  10:38  Probe  
  123  10:42  Zealot x4  
  132  10:52  Stalker x5  
  132  10:54  Zealot  
  134  11:11  Assimilator  
  134  11:13  Pylon  
  134  11:17  Zealot x8  
  148  11:24  Warp Prism  
  150  11:35  Pylon  
  118  11:55  Zealot x10  
  131  12:10  Nexus  

Tags
 
Add a new tag
Caveats
  • Supply blocks, unpowered buildings, or Contaminate may cause inaccurate times.
  • Supply counts are checked every 10 seconds.